 Dungeon Crawl Stone Soup version 0.29.1-1-gd02db6906a (webtiles) character file.

Game seed: 2196689529471773883

418 Lutefisk the Covert (level 6, -1/40 HPs)
             Began as a Vampire Brigand on Sept 18, 2022.
             Splashed by a jelly's acid (4 damage)
             ... on level 5 of the Dungeon.
             The game lasted 00:14:16 (1745 turns).

Lutefisk the Covert (Vampire Brigand)               Turns: 1745, Time: 00:14:16

Health: -1/40      AC: -4    Str: 10    XL:     6   Next: 61%
Magic:  6/6        EV: 11    Int: 14    God:
Gold:   179        SH:  4    Dex: 17    Spells: 5/5 levels left

rFire   . . .      SeeInvis +   a - +2 dagger
rCold   + + .      Faith    .   t - +0 buckler
rNeg    + + +      Spirit   .   z - +0 leather armour
rPois   ∞          Reflect  .   (no helmet)
rElec   .          Harm     .   c - +0 cloak
rCorr   .          Rampage  .   f - +0 pair of gloves
Will    .....                   u - +2 pair of boots
Stlth   ++++++....              A - amulet of regeneration
HPRegen 0.00/turn               (no ring)
MPRegen 0.10/turn               (no ring)

@: corroded, bloodless, inhibited regen
A: bloodless, fangs 3, see invisible, vampiric 2
a: Bat Form, Revivify


You were on level 5 of the Dungeon.
You visited 1 branch of the dungeon, and saw 5 of its levels.

You collected 179 gold pieces.

Inventory:

Hand Weapons
 a - a +2 dagger (weapon)
 n - a +0 hand axe
 w - a +0 vampiric dagger
Missiles
 d - 8 poisoned darts (quivered)
 e - 3 curare-tipped darts
 j - 6 boomerangs
 r - 5 boomerangs of dispersal
Armour
 c - a +0 cloak (worn)
 f - a +0 pair of gloves (worn)
 t - a +0 buckler (worn)
 u - a +2 pair of boots (worn)
 z - a +0 leather armour (worn)
Jewellery
 v - an amulet of reflection
 A - an amulet of regeneration (around neck)
Wands
 b - a wand of paralysis (1)
Scrolls
 h - a scroll of butterflies {unknown}
 i - 3 scrolls of blinking {unknown}
 l - a scroll of silence {unknown}
 m - 7 scrolls of teleportation {unknown}
 p - 2 scrolls of acquirement {unknown}
 s - a scroll of identify {unknown}
 x - a scroll of enchant weapon {unknown}
 y - a scroll of torment {unknown}
 B - a scroll of poison {unknown}
Potions
 g - a potion of heal wounds {unknown}
 k - 4 potions of invisibility {unknown}
 o - a potion of brilliance {unknown}
 q - 2 potions of might {unknown}
 C - a potion of lignification {unknown}


   Skills:
 * Level 4.8 Fighting
 - Level 2.1 Short Blades
 * Level 1.5 Throwing
 - Level 2.0 Dodging
 * Level 8.4 Stealth
 * Level 1.7 Shields


You had 5 spell levels left.
You didn't know any spells.
Your spell library contained the following spells:

 Spells                   Type           Power      Damage    Failure   Level
 Summon Small Mammal      Summ           0%         N/A       47%         1
 Call Canine Familiar     Summ           0%         N/A       85%         3
 Summon Guardian Golem    Hex/Summ       0%         N/A       85%         3


Dungeon Overview and Level Annotations

Branches:
Dungeon (5/15)
 Temple: D:4-7

Altars:
Trog

Shops:
D:3 :

Annotations:
D:3 2 transporters, Jase's ghost, amateur MfGl


Innate Abilities, Weirdness & Mutations

You do not regenerate when monsters are visible.
You are frail without blood (-20% HP).
You can heal yourself when you bite living creatures.
You are immune to poison.
You have razor-sharp teeth.
You have supernaturally acute eyesight. (SInv)
You are afflicted with vampirism and can become a bat while bloodless.


Message History

* * * LOW HITPOINT WARNING * * *
You hit the iguana. Your bite misses the iguana.
The iguana is almost dead.
The iguana barely misses you.
You closely miss the iguana.
The iguana is almost dead.
You block the iguana's attack.
You hit the iguana.
You kill the iguana!
You see here an iguana corpse.
A jelly comes into view.
The jelly quivers.
You see here an iguana corpse.
Found 6 stones.
You hit the jelly.
Your hands burn!
The jelly is moderately wounded.
You hit the jelly. The acid corrodes you!
Your hands burn!
The jelly is heavily wounded.
The jelly barely misses you.
You hit the jelly.
Your hands burn!
The jelly is heavily wounded.
The jelly hits you but does no damage.
You hit the jelly.
Your hands burn!
The jelly is almost dead.
The jelly hits you but does no damage.
You hit the jelly. The acid corrodes you!
Your hands burn!
The jelly is almost dead.
The jelly hits you.
You are splashed with acid.
* * * LOW HITPOINT WARNING * * *
You hit the jelly but do no damage. The acid corrodes you!
Your hands burn!
* * * LOW HITPOINT WARNING * * *
You bite the jelly, but do no damage.
The jelly is almost dead.
You block the jelly's attack.
You hit the jelly but do no damage.
Your hands burn!
* * * LOW HITPOINT WARNING * * *
The jelly is almost dead.
You block the jelly's attack.
You hit the jelly but do no damage.
Your hands burn!
You die...

####.#.#.............#
#....#.#.......#......
######.#......(# ...
#.#.##..### .... #.#.##...#
..... #...##...# #..... ....
#..####..##...... ..... #..#
#.J#.............
#..####..@....# ......#
#..##.......#...........##
##............. .........#
#####...#...................#
#.......###....##............
#.....#.......## ...........
#....##..#...##### .........#
#..<.##....#.....##........$#
####...##..##..#..#.........#


You could see a jelly.

Vanquished Creatures
  Menkaure (D:4)
  A phantom (D:3)
  A hound (D:4)
  2 iguanas (D:5)
  Ijyb (D:5)
  4 adders
  2 worms
  A dart slug (D:3)
  An orc (D:4)
  4 endoplasms
  2 giant cockroaches
  7 goblins
  4 hobgoblins
  10 jackals
  7 kobolds
  5 quokkas
  3 ball pythons
  3 bats (D:1)
  4 frilled lizards
  5 rats
68 creatures vanquished.

Notes
Turn   | Place    | Note
-------+----------+-------------------------------------------
     0 | D:1      | Lutefisk the Vampire Brigand began the quest for the Orb.
     0 | D:1      | Reached XP level 1. HP: 16/16 MP: 1/1
    61 | D:1      | Reached skill level 6 in Stealth
    93 | D:1      | Reached XP level 2. HP: 19/23 MP: 2/2
   462 | D:2      | Gained mutation: You are afflicted with vampirism and can
                  | become a bat while bloodless. [Vampire growth]
   462 | D:2      | Reached XP level 3. HP: 28/28 MP: 3/3
   684 | D:2      | You fall into a shaft and drop 1 floor!
   708 | D:3      | Found a faded altar of an unknown god.
   763 | D:3      | Found Laocy's Book Emporium.
   803 | D:3      | Found a transporter.
   806 | D:3      | Noticed Jase's ghost (amateur MfGl)
   914 | D:3      | Noticed a phantom
   987 | D:3      | Reached XP level 4. HP: 27/35 MP: 4/4
  1019 | D:3      | Killed a phantom
  1020 | D:3      | Reached skill level 7 in Stealth
  1020 | D:3      | Reached XP level 5. HP: 42/42 MP: 5/5
  1022 | D:3      | Found a transporter.
  1103 | D:4      | Noticed Menkaure
  1107 | D:4      | Killed Menkaure
  1108 | D:4      | Reached skill level 8 in Stealth
  1108 | D:4      | Reached skill level 1 in Shields
  1108 | D:4      | Reached XP level 6. HP: 49/49 MP: 6/6
  1146 | D:4      | Found a bloodstained altar of Trog.
  1464 | D:5      | Entered Level 5 of the Dungeon
  1468 | D:5      | Noticed Ijyb
  1495 | D:5      | Paralysed by Ijyb for 5 turns
  1514 | D:5      | Killed Ijyb
  1745 | D:5      | Splashed by a jelly's acid

Illustrated notes

Levels and vault maps discovered:
D:1:      minmay_arrival_diagonal_passages, layout_basic
D:2:      layout_loops_ring, minmay_misc_feat_cross
D:3:      layout_rooms, chequers_ecumenical_altar_island,
          gammafunk_ghost_stat_death, serial_shops, nicolae_shop_hallway_stairs,
          grunt_ministairs_10, nrook_loot_triangle, dk_noncrumbling_3
D:4:      layout_rooms, lemuel_doored_altar, hex_tiny, uniq_menkaure
D:5:      layout_rooms, uniq_ijyb

Skill      XL: |  1  2  3  4  5 |
---------------+----------------+-----
Fighting       | 2 3 4 |  4.8
Stealth        | 6 7 8 |  8.4
Dodging        | 2 |  2.0
Shields        | 1 |  1.7
Short Blades   | |  2.1
Throwing       | |  1.5

Action                   |  1- 3 |  4- 6 || total
-------------------------+-------+-------++-------
Melee: Dagger            |   142 |   122 ||   264
       Bite              |    12 |    11 ||    23
       Punch             |     4 |       ||     4
Throw: Dart              |     5 |     2 ||     7
 Abil: Exsanguinate      |       |     1 ||     1
 Stab: Sleeping          |    11 |     6 ||    17
Armor: Robe              |    20 |    17 ||    37
       Leather armour    |       |     8 ||     8
Dodge: Dodged            |    73 |    37 ||   110
Block: Buckler           |       |    29 ||    29
